 Dungeon Crawl Stone Soup version 0.27.1-33-g824d729ab1 (webtiles) character file.

Game seed: 3552692849706911409

4 SensoryNuts the Skirmisher (level 1, 0/19 HPs)
             Began as a Draconian Monk on Dec 10, 2021.
             Frozen to death by an endoplasm (1 damage)
             ... on level 1 of the Dungeon.
             The game lasted 00:00:23 (76 turns).

SensoryNuts the Skirmisher (Draconian Monk)           Turns: 76, Time: 00:00:23

Health: 0/19       AC:  4    Str: 13    XL:     1   Next: 58%
Magic:  1/1        EV: 12    Int: 10    God:
Gold:   0          SH:  0    Dex: 13    Spells: 0/0 levels left

rFire    . . .     SeeInvis .   a - +0 falchion
rCold    . . .     Faith    .   (no shield)
rNeg     . . .     Spirit   .   (armour unavailable)
rPois    .         Reflect  .   (helmet restricted)
rElec    .         Harm     .   (no cloak)
rCorr    .         Rampage  .   (no gloves)
Will     .....                  (no boots)
Stlth    ++........             (no amulet)
HPRegen  0.06/turn              (no ring)
MPRegen  0.07/turn              (no ring)

@: no status effects
A: AC +4, unfitting armour, cold-blooded
a: no special abilities


You were on level 1 of the Dungeon.
You visited 1 branch of the dungeon, and saw 1 of its levels.

Inventory:

Hand Weapons
 a - a +0 falchion (weapon)


   Skills:
 + Level 3.3 Fighting
 + Level 3.0 Long Blades
 + Level 3.0 Dodging
 + Level 1.7 Stealth


You couldn't memorise any spells.
You didn't know any spells.
Your spell library was empty.

Dungeon Overview and Level Annotations

Branches:
Dungeon (1/15)

Altars:


Innate Abilities, Weirdness & Mutations

Your plain brown scales are hard. (AC +4)
You cannot fit into any form of body armour.
You are cold-blooded and may be slowed by cold attacks.


Message History

You barely miss the quokka. The quokka barely misses you.
You riposte.
You completely miss the quokka. You completely miss the quokka.
The quokka closely misses you.
The kobold throws a stone.
The stone hits you.
* * * LOW HITPOINT WARNING * * *
The hobgoblin hits you but does no damage.
The quokka bites you.
* * * LOW HITPOINT WARNING * * *
An endoplasm comes into view.
You closely miss the hobgoblin. The hobgoblin misses you. The quokka bites you.
* * * LOW HITPOINT WARNING * * *
You hit the hobgoblin.
You kill the hobgoblin!
The quokka closely misses you.
You riposte.
You closely miss the quokka. The kobold hits you but does no damage.
The quokka barely misses you.
You riposte.
You hit the quokka.
Your tail-slap misses the quokka.
The quokka is moderately wounded.
The kobold barely misses you. The quokka misses you.
You riposte.
You hit the quokka.
You kill the quokka!
Your Dodging skill increases to level 3!
The kobold throws a stone.
The stone hits you.
* * * LOW HITPOINT WARNING * * *
The kobold closely misses you.
You riposte.
The endoplasm quivers.
You hit the kobold.
The kobold is severely wounded.
You hit the kobold.
You kill the kobold!
Things that are here:
a +0 dagger; 4 stones You see here a +0 club.
An endoplasm comes into view.
The endoplasm quivers.
You hit the endoplasm but do no damage. The endoplasm barely misses you.
You hit the endoplasm.
The endoplasm is lightly wounded.
The endoplasm freezes you.
You are frozen.
You die...

.....≈≈≈≈≈≈ #....≈≈≈≈≈≈
###....≈≈≈≈≈ ......≈≈≈#
#....≈≈≈+ ##+##
#..J.≈≈≈+ #...
#....≈≈≈#+#+#^#####
#.....≈≈≈≈#...#...#
#####..@⌠..≈≈≈'.⌠.'.<.#
.......J⌠..≈≈≈'.⌠.'...#
#####.....≈≈≈≈#...#...#
#..).≈≈≈#'###.#####[
#....≈≈≈'...'.......
#####..).≈≈≈'(..##'###+#
.........≈≈≈#'#'#≈≈≈≈
.........≈≈≈≈≈≈≈≈≈≈≈≈≈≈
#.###....≈≈≈≈≈≈≈≈≈≈≈≈≈≈≈


You could see 2 endoplasms.

Vanquished Creatures
  A goblin (D:1)
  A hobgoblin (D:1)
  A quokka (D:1)
  A kobold (D:1)
4 creatures vanquished.

Notes
Turn   | Place    | Note
-------+----------+-------------------------------------------
     0 | D:1      | SensoryNuts the Draconian Monk began the quest for the Orb.
     0 | D:1      | Reached XP level 1. HP: 19/19 MP: 1/1
    76 | D:1      | Frozen to death by an endoplasm

Illustrated notes

Levels and vault maps discovered:
D:1:      dpeg_arrival_castle, layout_basic, chequers_ecumenical_altar_island,
          bh_walls_and_bars

Skill      XL: |  1 |
---------------+----+-----
Dodging        | 3 |  3.0
Fighting       | |  3.3
Long Blades    | |  3.0
Stealth        | |  1.7

Action                   || total
-------------------------++-------
Melee: Falchion          ||    12
Armor: Skin              ||     8
Dodge: Dodged            ||    18
       Rpst.: Falchion   ||     6
